 Dungeon Crawl Stone Soup version 0.28.0-1-gb440e238dd (webtiles) character file.

Game seed: 12439330077037646977

18 MacCMillion the Skirmisher (level 2, 19/19 HPs)
             Began as a Gargoyle Fighter on Feb 25, 2022.
             Quit the game on level 1 of the Dungeon.
             The game lasted 00:03:13 (826 turns).

MacCMillion the Skirmisher (Gargoyle Fighter)        Turns: 826, Time: 00:03:13

Health: 19/19      AC:  9    Str: 19    XL:     2   Next: 66%
Magic:  2/2        EV:  9    Int:  8    God:
Gold:   11         SH:  4    Dex:  9    Spells: 1/1 levels left

rFire   . . .      SeeInvis .   a - +0 flail
rCold   . . .      Faith    .   c - +0 buckler
rNeg    + . .      Spirit   .   b - +0 scale mail
rPois   ∞          Reflect  .   (no helmet)
rElec   +          Harm     .   (no cloak)
rCorr   .          Rampage  .   (no gloves)
Will    .....                   (no boots)
Stlth   ..........              (no amulet)
HPRegen 0.06/turn               (no ring)
MPRegen 0.08/turn               (no ring)

@: no status effects
A: sickness immunity, AC +2, negative energy resistance 1, electricity
resistance, torment resistance 1, petrification resistance
a: no special abilities


You were on level 1 of the Dungeon.
You visited 1 branch of the dungeon, and saw 1 of its levels.

You collected 11 gold pieces.

Inventory:

Hand Weapons
 a - a +0 flail (weapon)
Armour
 b - a +0 scale mail (worn)
 c - a +0 buckler (worn)
Jewellery
 i - an amulet of guardian spirit
Scrolls
 e - a scroll of blinking {unknown}
 f - a scroll of acquirement {unknown}
 h - a scroll of magic mapping {unknown}
 k - a scroll of teleportation {unknown}
 l - a scroll of identify {unknown}
Potions
 d - a potion of might
 g - a potion of heal wounds {unknown}
 j - a potion of attraction {unknown}


   Skills:
 + Level 3.5 Fighting
 + Level 2.3 Maces & Flails
 + Level 3.5 Armour
 + Level 3.5 Shields


You had one spell level left.
You didn't know any spells.
Your spell library was empty.

Dungeon Overview and Level Annotations

Branches:
Dungeon (1/15)

Altars:

Shops:
D:1 =


Innate Abilities, Weirdness & Mutations

You are immune to sickness and miasma.
Your stone body is resilient. (AC +2)
You are immune to poison.
You resist negative energy. (rN+)
You are resistant to electric shocks. (rElec)
You are resistant to unholy torment.
You are immune to petrification.


Message History

You hit the giant cockroach.
You kill the giant cockroach!
You barely miss the rat. You block the rat's attack.
You closely miss the rat. The rat bites you but does no damage.
You barely miss the rat. You block the rat's attack.
The rat closely misses you.
You hit the rat but do no damage. The rat bites you.
You closely miss the rat.
The rat bites you but does no damage. x2
You barely miss the rat. The rat bites you but does no damage.
You thump the rat!
You kill the rat!
No target in view!
No target in view!
A goblin comes into view.
It is wielding a +0 dagger of protection.
A goblin is nearby!
A goblin is nearby!
You closely miss the goblin. The goblin hits you but does no damage.
The goblin misses you.
You barely miss the goblin. The goblin completely misses you.
You hit the goblin.
The goblin is moderately wounded.
The goblin hits you with a +0 dagger of protection.
You miss the goblin.
The goblin is moderately wounded.
The goblin hits you but does no damage. x2
You barely miss the goblin.
The goblin is moderately wounded.
The goblin hits you but does no damage.
You closely miss the goblin.
The goblin is moderately wounded.
The goblin hits you but does no damage. The goblin closely misses you.
You closely miss the goblin.
The goblin is moderately wounded.
The goblin hits you but does no damage.
You hit the goblin.
You kill the goblin!
No target in view!
No target in view!
l - a scroll labelled YPRA GALAUTSYN Are you sure you want to abandon this character and quit the game? (Confirm with "yes".)

#.#.###.# #.#.# #.#
#.#.# #.# #.#.###.#
###.....#.#
..........#
..........#######
..........#.....#####
...#......# #.@...#
...#......#.#######.#
...########.#...###.#
............###.##..##
...###########.......#
...# #...#.#.#.# .###
#)#.......# ##
#.#.#.#.#.## # ...
#.#........#


There were no monsters in sight!

Vanquished Creatures
  2 ball pythons (D:1)
  4 bats (D:1)
  An endoplasm (D:1)
  2 giant cockroaches (D:1)
  A goblin (D:1)
  2 hobgoblins (D:1)
  A frilled lizard (D:1)
  A kobold (D:1)
  2 rats (D:1)
16 creatures vanquished.

Notes
Turn   | Place    | Note
-------+----------+-------------------------------------------
     0 | D:1      | MacCMillion the Gargoyle Fighter began the quest for the
                  | Orb.
     0 | D:1      | Reached XP level 1. HP: 14/14 MP: 1/1
     4 | D:1      | Found Dosup's Jewellery Boutique.
   474 | D:1      | Reached XP level 2. HP: 18/19 MP: 2/2
   826 | D:1      | Quit the game

Illustrated notes

Levels and vault maps discovered:
D:1:      lightli_iron_boxes, layout_basic, serial_shops, nicolae_shop_stone,
          serial_co_window_serial, co_window_paths_b, co_window_corner_a,
          co_window_cross_1, co_window_paths_a, co_window_of_opportunity_a,
          co_window_of_opportunity_c, co_window_broadway_a,
          co_window_broadway_a, co_window_of_opportunity_b, co_window_4corner_b,
          glass_columns_b, glass_columns_b, glass_columns_a

Action                   || total
-------------------------++-------
Melee: Flail             ||    63
Armor: Scale mail        ||    54
Dodge: Dodged            ||    43
Block: Buckler           ||    11
